 Dungeon Crawl Stone Soup version 0.29.1-2-gbd0b4ee654 (webtiles) character file.

Game seed: 6209924850677659984

1092 Icepheonix32 the Covered (level 8, -1/71 HPs)
             Began as a Minotaur Fighter on Oct 27, 2022.
             Was an Initiate of Gozag.
             Slain by an ogre
             ... wielding a +0 giant spiked club
              (27 damage)
             ... while paralysed by Grinder
             ... on level 5 of the Dungeon.
             The game lasted 00:04:02 (4517 turns).

Icepheonix32 the Covered (Minotaur Fighter)         Turns: 4517, Time: 00:04:03

Health: -1/71      AC:  9    Str: 21    XL:     8   Next: 9%
Magic:  7/7        EV:  2    Int:  7    God:    Gozag
Gold:   286        SH:  0    Dex: 10    Spells: 7/7 levels left

rFire   . . .      SeeInvis .   k - +1 dagger (protect)
rCold   . . .      Faith    .   c - +0 buckler
rNeg    . . .      Spirit   .   b - +0 scale mail
rPois   .          Reflect  .   (helmet restricted)
rElec   .          Harm     .   (no cloak)
rCorr   .          Rampage  .   (no gloves)
Will    .....                   n - +0 pair of boots
Stlth   ..........              (no amulet)
HPRegen 0.21/turn               g - +4 ring of evasion
MPRegen 0.10/turn               (no ring)

@: paralysed
A: horns 2, retaliatory headbutt
a: Renounce Religion, Potion Petition, Call Merchant, Bribe Branch


You were on level 5 of the Dungeon.
You worshipped Gozag.
Gozag was aware of your devotion.
You visited 2 branches of the dungeon, and saw 6 of its levels.

You collected 372 gold pieces.
You paid 86 gold pieces to Gozag.

Inventory:

Hand Weapons
 a - a +0 war axe
 k - a +1 dagger of protection (weapon)
 p - a +0 short sword
 w - a +2 antimagic trident
Armour
 b - a +0 scale mail (worn)
 c - a +0 buckler (worn)
 n - a +0 pair of boots (worn)
Jewellery
 g - a +4 ring of evasion (left hand)
 v - a +6 ring of dexterity
 z - a +6 ring of dexterity
Scrolls
 e - a scroll of poison {unknown}
 f - 7 scrolls of identify {unknown}
 i - 2 scrolls of torment {unknown}
 j - a scroll of amnesia {unknown}
 m - a scroll of teleportation {unknown}
 q - a scroll of magic mapping {unknown}
 y - a scroll of enchant weapon {unknown}
Potions
 d - 2 potions of might
 h - a potion of heal wounds {unknown}
 l - 2 potions of invisibility {unknown}
 o - 2 potions of berserk rage {unknown}
 r - 3 potions of resistance {unknown}
 s - a potion of ambrosia {unknown}
 t - 2 potions of lignification {unknown}
 u - 3 potions of cancellation {unknown}
 x - 2 potions of curing


   Skills:
 * Level 6.6 Fighting
 + Level 4.1(4.8) Short Blades
 * Level 3.9(4.9) Long Blades
 - Level 2.6 Axes
 + Level 6.8 Armour
 + Level 2.7 Dodging
 + Level 0.1 Stealth
 + Level 4.9 Shields


You had 7 spell levels left.
You didn't know any spells.
Your spell library was empty.

Dungeon Overview and Level Annotations

Branches:
Dungeon (5/15)             Temple (1/1) D:5

Altars:
Ashenzari
Cheibriados
Dithmenos
Elyvilon
Fedhas
Gozag
Hepliaklqana
Kikubaaqudgha
Makhleb
Nemelex Xobeh
Qazlal
Ru
Sif Muna
Uskayaw
Wu Jian
Xom
Yredelemnul
Zin
The Shining One

Shops:
D:1 (   D:3 ?

Annotations:
D:5 Grinder


Innate Abilities, Weirdness & Mutations

You have a pair of horns on your head.
You reflexively headbutt those who attack you in melee.


Message History

HP restored.
Found a chain mail.
An ogre comes into view. It is wielding a +0 giant spiked club.
Found a hand axe.
The ogre shouts!
An ogre is nearby!
Found a leather armour and 2 stones.
Grinder comes into view.
Grinder shouts!
The ogre closely misses you. You furiously retaliate!
You headbutt the ogre, but do no damage.
You hit the ogre.
Your weapon exudes an aura of protection.
You headbutt the ogre.
The ogre is moderately wounded.
You hit the ogre.
The ogre is moderately wounded.
The ogre completely misses you. You furiously retaliate!
You headbutt the ogre. You hit the ogre.
The ogre is moderately wounded.
You barely miss the ogre.
The ogre is moderately wounded.
Grinder says, "I used to sell toenails on the black market."
The ogre hits you with a +0 giant spiked club!!
You hit the ogre.
You headbutt the ogre, but do no damage.
The ogre is heavily wounded.
Grinder gestures at you.
You suddenly lose the ability to move!
The ogre hits you with a +0 giant spiked club!
Grinder gestures at you.
You shrug off the repeated paralysis!
The ogre hits you but does no damage. Grinder hits you.
You writhe in agony.
The ogre hits you with a +0 giant spiked club.
Grinder hits you but does no damage. Grinder hits you.
You writhe in agony.
The ogre hits you with a +0 giant spiked club!!
You die...
Your body crumbles into a pile of gold.

###.###.# #.
......... ..
...(..[# .#.
###.....)...
#.......#..#
#..........# #
+.....5O#..#.#
#......@#.[#.##
...............
#######....#...
...............
#######...#.....
#...#..... #...#
...
########...#..##
...........#..#


You could see Grinder and an ogre.

Vanquished Creatures
  An orc warrior (D:5)
  3 ogres
  2 phantoms (D:4)
  2 scorpions (D:4)
  3 necrophages
  2 hounds (D:4)
  An orc priest (D:4)
  A jelly (D:5)
  2 orc wizards
  2 adders (D:3)
  3 gnolls (D:5)
  A worm (D:2)
  4 dart slugs
  7 orcs
  5 ball pythons
  10 endoplasms
  4 giant cockroaches
  5 hobgoblins
  6 jackals
  10 kobolds
  2 quokkas (D:3)
  6 bats
  3 frilled lizards
  6 goblins
  2 rats
93 creatures vanquished.

Vanquished Creatures (others)
  2 plants (D:1)
2 creatures vanquished.

Grand Total: 95 creatures vanquished

Notes
Turn   | Place    | Note
-------+----------+-------------------------------------------
     0 | D:1      | Icepheonix32 the Minotaur Fighter began the quest for the
                  | Orb.
     0 | D:1      | Reached XP level 1. HP: 19/19 MP: 0/0
   324 | D:1      | Reached XP level 2. HP: 25/27 MP: 1/1
   370 | D:1      | Found a faded altar of an unknown god.
  1002 | D:1      | Found Jovun's Antique Weapon Boutique.
  1067 | D:2      | Reached XP level 3. HP: 34/34 MP: 2/2
  1102 | D:2      | Noticed a necrophage
  1135 | D:2      | Killed a necrophage
  1136 | D:2      | Reached skill level 5 in Fighting
  1136 | D:2      | Reached skill level 1 in Short Blades
  1136 | D:2      | Reached XP level 4. HP: 17/42 MP: 3/3
  1708 | D:3      | Found Wydwefeh's Magic Scroll Shoppe.
  1934 | D:3      | Reached XP level 5. HP: 47/48 MP: 4/4
  2131 | D:4      | Noticed a phantom
  2148 | D:4      | Noticed a phantom
  2153 | D:4      | Killed a phantom
  2154 | D:4      | Reached skill level 1 in Long Blades
  2154 | D:4      | Reached skill level 1 in Dodging
  2238 | D:4      | Reached XP level 6. HP: 24/57 MP: 5/5
  2468 | D:4      | Reached skill level 5 in Armour
  2784 | D:4      | Reached XP level 7. HP: 56/63 MP: 6/6
  3172 | D:5      | Entered Level 5 of the Dungeon
  3342 | D:5      | Found a staircase to the Ecumenical Temple.
  3363 | Temple   | Entered the Ecumenical Temple
  3741 | Temple   | Became a worshipper of Gozag Ym Sagoz the Greedy
  4439 | D:5      | Reached XP level 8. HP: 71/71 MP: 7/7
  4507 | D:5      | Noticed Grinder
  4512 | D:5      | Paralysed by Grinder for 5 turns
  4517 | D:5      | Slain by an ogre

Illustrated notes

Levels and vault maps discovered:
D:1:      spicycebolla_arrival_clurvy, layout_basic, basic_ecumenical_altar,
          serial_shops, shop_fountains
D:2:      layout_rooms, grunt_ministairs_9
D:3:      layout_basic, serial_shops, nicolae_lakefront_shop,
          hangedman_decor_slide_cut
D:4:      layout_cave_pods
D:5:      layout_basic, temple_fountains, nicolae_grassy_gnolls, uniq_grinder
Temple:   nicolae_temple_bog_church

Skill      XL: |  1  2  3  4  5  6  7 |
---------------+----------------------+-----
Fighting       | 4 5 6 |  6.6
Armour         | 4 5 6 |  6.8
Shields        | 4 |  4.9
Short Blades   | 1 2 3 4 |  4.1
Long Blades    | 1 2 3 |  3.9
Dodging        | 1 2 |  2.7
Axes           | |  2.6
Stealth        | |  0.1

Action                   |  1- 3 |  4- 6 |  7- 9 || total
-------------------------+-------+-------+-------++-------
Melee: War axe           |    44 |       |       ||    44
       Headbutt          |    10 |    27 |    32 ||    69
       Short sword       |    39 |    28 |       ||    67
       Dagger            |       |   171 |   142 ||   313
  Use: Potion            |     3 |       |       ||     3
       Scroll            |       |       |     1 ||     1
Armor: Scale mail        |    32 |    91 |    54 ||   177
Dodge: Dodged            |    29 |   122 |    63 ||   214
Block: Buckler           |    14 |    35 |    12 ||    61
